Map: 瑟拉斯废墟

Players

likejuly - Winner!

  • Race: Terran Terran
  • League: Gold

Quail

  • Race: Protoss Protoss
  • League: Diamond

VOD

Have the link to the VOD?

Description

Time

  • Played on: Dec. 5, 2015, 6:48 a.m.
  • Length: 12:07
Show
View Real Time Build Order
Export as new Build Order

likejuly Terran - Winner!

Build Orders: MMM Bio 

Get SALT Encoding   

  12  0:01  SCV  
  13  0:13  SCV  
  14  0:19  Supply Depot  
  14  0:25  SCV  
  15  0:31  Refinery  
  15  0:41  SCV  
  16  0:47  Barracks  
  16  0:53  SCV  
  17  1:05  SCV  
  18  1:17  SCV  
  19  1:36  Command Center  
  19  1:37  Marine  
  20  1:48  Orbital Command  
  20  1:54  Marine  
  21  2:06  Supply Depot  
  21  2:13  Marine  
  21  2:14  SCV  
  23  2:27  Factory  
  23  2:36  SCV  
  23  2:44  Barracks  
  23  2:48  SCV  
  23  2:49  Orbital Command  
  24  2:55  Marine  
  25  3:04  SCV  
  26  3:06  Refinery  
  26  3:11  Starport, Widow Mine  
  28  3:14  Orbital Command  
  28  3:16  Barracks Reactor  
  29  3:25  SCV  
  29  3:51  SCV  
  29  3:52  SCV  
  31  3:55  Barracks Tech Lab  
  31  3:57  Starport Reactor  
  31  4:00  Widow Mine  
  33  4:08  Barracks  
  33  4:09  Supply Depot, Marine x2  
  35  4:14  SCV x2  
  36  4:27  SCV  
  36  4:28  SCV  
  37  4:31  Widow Mine  
  37  4:38  Stimpack, Marauder  
  41  4:39  Marine x2  
  41  4:40  SCV x2  
  41  4:43  Engineering Bay  
  45  4:52  SCV x2  
  47  5:01  Liberator  
  47  5:03  Supply Depot  
  47  5:06  Supply Depot, Barracks Tech Lab  
  47  5:07  Barracks  
  47  5:14  Barracks, Medivac  
  52  5:22  Marine x2  
  52  5:25  SCV, Marauder  
  57  5:29  Supply Depot  
  57  5:31  Supply Depot  
  57  5:32  SCV  
  57  5:35  Combat Shields  
  58  5:38  SCV  
  58  5:39  Terran Infantry Weapons Level 1  
  59  5:44  Marauder  
  61  5:59  Barracks Tech Lab  
  61  6:02  Barracks Reactor  
  61  6:06  SCV x2  
  61  6:10  Refinery  
  63  6:12  Marauder x2, Refinery, Marine x2  
  69  6:19  Command Center  
  69  6:22  Medivac  
  71  6:28  SCV, Marauder  
  71  6:29  SCV  
  71  6:30  Marine x2  
  77  6:33  Marauder, Marine  
  77  6:38  Marine  
  81  6:40  SCV  
  81  6:41  SCV, Widow Mine  
  85  6:53  SCV  
  86  6:54  Supply Depot  
  86  6:55  Supply Depot  
  86  6:57  Supply Depot  
  86  7:06  SCV  
  86  7:16  Marauder x2  
  86  7:21  Marauder, Marine x3  
  86  7:22  Marine  
  93  7:24  Medivac x2  
  97  7:37  Marine  
  96  7:39  Liberator  
  97  7:54  Marauder x2, Marine x3  
  97  7:55  Marauder  
  97  7:56  Medivac  
  110  7:59  Factory Reactor  
  110  8:02  Supply Depot  
  110  8:04  Supply Depot x2  
  110  8:23  Marine x2  
  110  8:24  SCV x2, Marauder  
  110  8:25  Orbital Command  
  116  8:30  Marine  
  116  8:31  Marine, Marauder x2  
  122  8:40  Medivac  
  122  8:41  Marine, Medivac  
  127  8:50  Starport  
  127  8:52  Barracks  
  127  8:53  SCV x3, Barracks  
  130  8:59  Supply Depot  
  130  9:00  Terran Infantry Armor Level 1  
  130  9:05  SCV x2  
  123  9:40  Marine  
  123  9:41  Marauder x3, Marine x3  
  123  9:42  SCV x3  
  123  10:02  Marauder x2  
  123  10:06  SCV x2  
  120  10:07  SCV  
  120  10:09  Barracks Reactor, Barracks Tech Lab  
  120  10:10  Starport Reactor  
  120  10:16  Liberator  
  120  10:18  SCV  
  120  10:19  SCV x2, Refinery x2  
  123  10:22  Marauder  
  123  10:23  Marauder  
  123  10:27  Marine x2  
  123  10:28  Marine x2, Marauder  
  133  10:30  SCV  
  133  10:31  SCV x2  
  133  10:32  Marauder  
  141  10:43  SCV x2  
  141  10:44  Marine, Marauder  
  141  10:45  Marine x3  
  147  10:52  Liberator  
  134  11:04  Marauder x3  
  134  11:05  Marauder, Marine x5  
  134  11:06  Marine  
  151  11:25  Marauder  
  151  11:26  Marauder x3  
  157  11:41  Supply Depot  
  157  11:42  Supply Depot x2  
  157  11:43  Supply Depot  
  157  11:48  Marine x5  
Show
View Real Time Build Order
Export as new Build Order

Quail Protoss 

Build Orders: 1 Gate Expand 

Get SALT Encoding   

  12  0:01  Probe (Chrono Boost)  
  13  0:11  Probe (Chrono Boost)  
  14  0:18  Pylon  
  14  0:22  Probe (Chrono Boost)  
  15  0:36  Probe (Chrono Boost)  
  15  0:37  Gateway  
  16  0:47  Probe (Chrono Boost)  
  16  0:48  Assimilator  
  17  0:57  Probe (Chrono Boost)  
  18  1:08  Probe (Chrono Boost)  
  20  1:18  Probe (Chrono Boost)  
  20  1:26  Cybernetics Core  
  20  1:32  Probe (Chrono Boost)  
  21  1:39  Nexus  
  21  1:47  Pylon  
  21  1:49  Probe (Chrono Boost)  
  22  1:59  Probe (Chrono Boost)  
  22  2:01  Assimilator  
  23  2:05  Adept  
  25  2:11  Mothership Core (Chrono Boost)  
  27  2:29  Probe (Chrono Boost)  
  28  2:30  Robotics Facility  
  28  2:40  Probe (Chrono Boost)  
  28  2:42  Adept  
  31  2:46  Warp Gate  
  31  2:51  Probe (Chrono Boost)  
  32  2:53  Pylon  
  32  3:07  Probe (Chrono Boost)  
  32  3:08  Probe (Chrono Boost)  
  32  3:10  Adept  
  36  3:18  Probe (Chrono Boost), Observer (Chrono Boost)  
  38  3:23  Probe  
  38  3:24  Gateway  
  39  3:30  Probe  
  40  3:36  Probe  
  40  3:37  Observer (Chrono Boost)  
  40  3:39  Pylon  
  42  3:42  Probe  
  42  3:47  Probe, Forge  
  43  3:54  Probe  
  45  3:58  Probe  
  45  4:00  Stalker  
  48  4:10  Probe  
  48  4:11  Immortal (Chrono Boost)  
  48  4:12  Probe  
  54  4:18  Stalker  
  54  4:21  Probe  
  57  4:28  Probe  
  57  4:30  Protoss Ground Weapons Level 1 (Chrono Boost)  
  56  4:31  Probe  
  56  4:33  Photon Cannon  
  56  4:36  Pylon  
  57  4:49  Immortal (Chrono Boost), Pylon  
  61  5:01  Stalker  
  61  5:02  Pylon  
  63  5:07  Stalker  
  63  5:12  Assimilator  
  65  5:15  Assimilator  
  65  5:19  Gateway  
  65  5:21  Gateway  
  65  5:24  Immortal (Chrono Boost)  
  69  5:31  Adept  
  71  5:38  Stalker  
  71  5:39  Probe  
  71  5:41  Probe  
  75  5:45  Pylon  
  75  5:53  Probe  
  76  5:57  Stalker, Pylon  
  78  6:05  Photon Cannon  
  78  6:09  Stalker  
  80  6:16  Stalker x2  
  82  6:21  Protoss Ground Armor Level 1 (Chrono Boost)  
  82  6:23  Pylon  
  82  6:24  Adept  
  84  6:29  Warp Prism  
  86  6:39  Photon Cannon  
  86  6:46  Nexus  
  86  6:54  Twilight Council  
  86  6:55  Probe  
  86  6:56  Probe  
  86  6:59  Sentry  
  90  7:05  Probe  
  90  7:08  Probe, Robotics Bay  
  89  7:18  Probe  
  89  7:20  Probe  
  88  7:29  Probe  
  86  7:32  Probe  
  86  7:33  Stalker x2  
  86  7:34  Stalker  
  92  7:37  Blink (Chrono Boost)  
  92  7:40  Probe  
  93  7:45  Probe  
  93  7:51  Gateway  
  94  7:53  Adept  
  94  7:57  Adept  
  96  7:59  Adept  
  96  8:00  Adept  
  100  8:10  Probe x2  
  100  8:12  Probe, Disruptor (Chrono Boost)  
  106  8:22  Probe  
  107  8:29  Templar Archives, Probe  
  107  8:30  Probe  
  109  8:42  Pylon  
  109  8:44  Adept  
  109  8:45  Pylon  
  109  8:46  Disruptor (Chrono Boost)  
  114  8:48  Pylon  
  114  8:59  Gravitic Drive  
  114  9:07  Adept x3  
  112  9:19  Stalker  
  112  9:22  Gateway  
  111  9:27  Gateway  
  111  9:29  Adept x4  
  108  9:32  Photon Cannon  
  104  9:49  Adept x2  
  104  9:50  Adept x3  
  83  10:11  Stalker x4  
  91  10:29  Stalker  
  91  10:34  Nexus  
  93  10:36  Stalker  
  83  11:01  Stalker x2  
  83  11:02  Stalker x3  
  92  11:18  Robotics Facility  
  92  11:28  High Templar x4  
  94  11:58  Adept  
Tags
 
Add a new tag
Caveats
  • Supply blocks, unpowered buildings, or Contaminate may cause inaccurate times.
  • Supply counts are checked every 10 seconds.